 Dungeon Crawl Stone Soup version 0.30-a0-1123-gabc949cf19 (webtiles) character file.

Game seed: 12155364312451955045

56 cheesebisquit the Trooper (level 3, -4/49 HPs)
             Began as a Draconian Fire Elementalist on Apr 22, 2023.
             Slain by a worm (6 damage)
             ... on level 2 of the Dungeon.
             The game lasted 00:03:26 (1114 turns).

cheesebisquit the Trooper (DrFE)                    Turns: 1114, Time: 00:03:27

Health: -4/49      AC: 21    Str: 10    XL:     3   Next: 69%
Magic:  3/6        EV:  2    Int: 17    God:
Gold:   62         SH:  0    Dex: 11    Spells: 5/6 levels left

rFire   . . .        (no weapon)
rCold   . . .        (no shield)
rNeg    . . .        (body armour unavailable)
rPois   +            (helmet currently unavailable)
rElec   .            (cloak currently unavailable)
rCorr   .            (gloves currently unavailable)
SInv    .            (boots currently unavailable)
Will    .....        (no amulet)
Stlth   ++           (no ring)
HPRegen 0.28/turn    (no ring)
MPRegen 0.10/turn

%: no passive effects
@: tree-form
A: stationary, stasis, torment immunity, boosted hp, AC +5, unfitting armour,
(cold-blooded)
a: no special abilities


You were on level 2 of the Dungeon.
You were a tree.
You visited 1 branch of the dungeon, and saw 2 of its levels.

You collected 62 gold pieces.

Inventory:

Missiles
 h - 6 curare-tipped darts
Armour
 c - a +0 buckler
Scrolls
 e - a scroll of identify {unknown}
 f - a scroll of poison {unknown}
 i - a scroll of teleportation {unknown}
Potions
 b - a potion of lignification
 d - a potion of haste {unknown}
 g - a potion of ambrosia {unknown}


   Skills:
 + Level 3.8 Fighting
 - Level 1.7 Dodging
 - Level 1.7 Stealth
 - Level 2.0 Spellcasting
 - Level 1.0 Conjurations
 - Level 3.0 Fire Magic


You had 5 spell levels left.
You knew the following spells:

 Your Spells              Type           Power      Damage    Failure   Level
a - Foxfire               Conj/Fire      32%        2x1d5     9%          1

Your spell library contained the following spells:

 Spells                   Type           Power      Damage    Failure   Level
 Scorch                   Fire           22%        2d6       9%          2
 Inner Flame              Hex/Fire       6%         N/A       30%         3
 Volatile Blastmotes      Fire/Tloc      12%        2d11      30%         3
 Flame Wave               Conj/Fire      8%         2d5       63%         4


Dungeon Overview and Level Annotations

Branches:
Dungeon (2/15)

Altars:


Innate Abilities, Weirdness & Mutations

You are a tree.
Your roots penetrate the ground, keeping you stationary.
You cannot be teleported.
You are immune to unholy pain and torment.
Your maximum health is greatly increased.
Your equipment is partially melded.
((Your plain brown scales are hard. (AC +5)))
You cannot fit into any form of body armour.
((You are cold-blooded and may be slowed by cold attacks.))


Message History

The jackal is almost dead.
The foxfire hits the jackal.
You kill the jackal!
The jackal closely misses you. The adder barely misses you.
The jackal bites you but does no damage.
The adder closely misses you.
It was a potion of lignification.
You turn into a tree.
Your roots penetrate the ground.
The jackal bites you but does no damage.
The adder bites you but does no damage.
Your magical contamination has completely faded away.
You hit the adder.
The adder is almost dead.
The jackal bites you but does no damage.
The adder bites you but does no damage.
The jackal bites you but does no damage.
You closely miss the adder.
The adder is severely wounded.
The adder bites you.
* * * LOW HITPOINT WARNING * * *
The jackal bites you.
* * * LOW HITPOINT WARNING * * *
You smack the adder!
You kill the adder!
The jackal bites you but does no damage.
You hit the jackal.
The jackal is severely wounded.
The jackal bites you but does no damage.
The jackal barely misses you.
You hit the jackal but do no damage.
The jackal is severely wounded.
The jackal bites you but does no damage.
You hit the jackal.
You kill the jackal!
You hit the worm.
The worm is moderately wounded.
You hit the worm.
The worm is severely wounded.
The worm bites you.
You die...

#.<).......#
#.###.###†#####
#. #.# #.....#
#. #.# #..##.# #
#.....#.#
####.###.#
.....###.# #
#.####...##?...
#....†♣†....#
#.#####w###.....
#.# .### #.# .#
... .# #.. . #..
#...


You could see a worm.

Vanquished Creatures
  An adder (D:2)
  2 worms (D:2)
  3 ball pythons (D:1)
  2 bats (D:1)
  4 endoplasms
  4 giant cockroaches
  A goblin (D:1)
  5 hobgoblins
  6 jackals
  3 kobolds
  2 frilled lizards (D:1)
  2 rats
35 creatures vanquished.

Vanquished Creatures (others)
  86 foxfires
86 creatures vanquished.

Grand Total: 121 creatures vanquished

Notes
Turn   | Place    | Note
-------+----------+-------------------------------------------
     0 | D:1      | cheesebisquit the Draconian Fire Elementalist began the
                  | quest for the Orb.
     0 | D:1      | Reached XP level 1. HP: 14/14 MP: 3/3
     3 | D:1      | Noticed an electric eel
     4 | D:1      | Noticed an electric eel
    18 | D:1      | Reached skill level 1 in Fighting
    97 | D:1      | Reached XP level 2. HP: 24/24 MP: 0/5
   701 | D:1      | Reached XP level 3. HP: 31/31 MP: 3/6
  1103 | D:2      | HP: 1/31 [jackal (1)]
  1108 | D:2      | HP: 1/46 [jackal (2)]
  1114 | D:2      | Slain by a worm

Illustrated notes

Levels and vault maps discovered:
D:1:      arrival_aquarium_b, layout_basic
D:2:      layout_loops_ring

Skill      XL: |  1  2 |
---------------+-------+-----
Fighting       | 1 3 |  3.8
Dodging        | |  1.7
Stealth        | |  1.7
Spellcasting   | |  2.0
Conjurations   | |  1.0
Fire Magic     | |  3.0

Action                     || total
---------------------------++-------
  Melee: Unarmed           ||    51
         Tailslap          ||     7
   Cast: Foxfire           ||    52
    Use: Potion            ||     2
 Armour: Skin              ||    37
  Dodge: Dodged            ||    38

Table legend: (Time is in decaauts)
 A = Elapsed time spent in this place.
 B = Non-inter-level travel time spent in this place.
 C = Inter-level travel time spent in this place.
 D = Time resting spent in this place.
 E = Time spent auto-exploring this place.
 F = Levels seen in this place.
 G = Mean time per level.
                   A        B        C        D        E       F      G
               +--------+--------+--------+--------+--------+-----+--------+
         Total |   1113 |   1103 |     10 |      0 |    899 |   2 |  556.5 |
       Dungeon |   1113 |   1103 |     10 |      0 |    899 |   2 |  556.5 |
               +--------+--------+--------+--------+--------+-----+--------+

Top non-repeatable levels by time:
     D:1: 917 daAuts
     D:2: 196 daAuts
